BSA
SEATTLE PIKES @ POCATELLO BOCCABELLAS
05/09/2024
 
TOP OF THE 1ST
Seattle Pikes batting - Pitching for Pocatello Boccabellas : RHP Cris Rincón
Pitching: RHP Cris Rincón
Batting: LHB Bruno Lalonde 0-0: Ball
1-0: Foul Ball, location: 2F
1-1: Ball
2-1: Ball
3-1: Bunted foul
3-2: Base on Balls
Batting: SHB Jong-min Kim 0-0: Ball
1-0: Ball
Bruno Lalonde steals 2nd base
2-0: Ball
3-0: Base on Balls
Batting: RHB António Ortega 0-0: Foul Ball, location: 2F
0-1: Ball
1-1: Ball
2-1: Grounds into double play, 6-4-3 (Groundball, 6M)
Bruno Lalonde to third
Batting: RHB Manuel Rico 0-0: Called Strike
0-1: Swinging Strike
0-2: Ground out 6-3 (Groundball, 6)
Top of the 1st over - 0 run(s), 0 hit(s), 0 error(s), 1 left on base; Seattle 0 - Pocatello 0
BOTTOM OF THE 1ST
Pocatello Boccabellas batting - Pitching for Seattle Pikes : RHP Jesús Suárez
Pitching: RHP Jesús Suárez
Batting: RHB José Delgado 0-0: Ball
1-0: Foul Ball, location: 2F
1-1: Ball
2-1: Foul Ball, location: 2F
2-2: DOUBLE (Line Drive, 78D)
Batting: RHB Marlon Phipps 0-0: Ball
1-0: Foul Ball, location: 2F
1-1: SINGLE (Line Drive, 6D)
José Delgado to third
Batting: LHB Juan Cortés 0-0: Ball
1-0: Foul Ball, location: 2F
1-1: Called Strike
1-2: SINGLE (Line Drive, 6D)
José Delgado scores
Marlon Phipps to second
Batting: RHB Francisco Sandoval 0-0: Swinging Strike
0-1: Fly out, F9 (Flyball, 9M)
Batting: LHB Norberto Muńóz 0-0: Ball
1-0: Grounds into double play, 3-6-3 (Groundball, 3)
Bottom of the 1st over - 1 run(s), 3 hit(s), 0 error(s), 1 left on base; Seattle 0 - Pocatello 1
TOP OF THE 2ND
Seattle Pikes batting - Pitching for Pocatello Boccabellas : RHP Cris Rincón
Batting: LHB Eduardo Gómez 0-0: Foul Ball, location: 2F
0-1: Foul Ball, location: 2F
0-2: Ball
1-2: Reached on error, E4 (Groundball, 4M)
Batting: RHB Tae-kwon Kwon 0-0: Ball
1-0: Ball
2-0: Called Strike
2-1: Ball
3-1: Base on Balls
Eduardo Gómez to second
Batting: LHB Javier Escobedo 0-0: Called Strike
0-1: Ball
1-1: Ball
2-1: Fly out, F7 (Flyball, 78M)
Batting: RHB Arthur Dumais 0-0: Ball
1-0: Called Strike
1-1: Ball
2-1: Fly out, F8 (Flyball, 8RD)
Runner from 2nd tags up, SAFE at 3rd, no throw
Batting: RHB Randy Sheppard 0-0: Called Strike
0-1: Foul Ball, location: 2F
0-2: Ball
1-2: Ground out 5-3 (Groundball, 56)
Top of the 2nd over - 0 run(s), 0 hit(s), 1 error(s), 2 left on base; Seattle 0 - Pocatello 1
BOTTOM OF THE 2ND
Pocatello Boccabellas batting - Pitching for Seattle Pikes : RHP Jesús Suárez
Batting: RHB Rodrigo Gallegos 0-0: Ball
1-0: Called Strike
1-1: Swinging Strike
1-2: Ball
2-2: Strikes out looking
Batting: SHB Guillermo Ortíz 0-0: Called Strike
0-1: Ball
1-1: Ground out 4-3 (Groundball, 34)
Batting: RHB Pedro Guzmán 0-0: Ball
1-0: Ball
2-0: Ground out 3-1 (Groundball, 34)
Bottom of the 2nd over - 0 run(s), 0 hit(s), 0 error(s), 0 left on base; Seattle 0 - Pocatello 1
TOP OF THE 3RD
Seattle Pikes batting - Pitching for Pocatello Boccabellas : RHP Cris Rincón
Batting: LHB Bruno Lalonde 0-0: Called Strike
0-1: Ball
1-1: Foul Ball, location: 2F
1-2: Fly out, F5 (Popup, 25F)
Batting: SHB Jong-min Kim 0-0: Ball
1-0: Called Strike
1-1: Ground out 4-3 (Groundball, 4MS)
Batting: RHB António Ortega 0-0: Ball
1-0: Called Strike
1-1: Called Strike
1-2: Strikes out swinging
Top of the 3rd over - 0 run(s), 0 hit(s), 0 error(s), 0 left on base; Seattle 0 - Pocatello 1
BOTTOM OF THE 3RD
Pocatello Boccabellas batting - Pitching for Seattle Pikes : RHP Jesús Suárez
Batting: RHB Pete Harvey 0-0: Ball
1-0: Ball
2-0: Ball
3-0: Base on Balls
Batting: RHB José Delgado 0-0: Ball
1-0: Swinging Strike
1-1: Foul Ball, location: 2F
1-2: Ball
2-2: Foul Ball, location: 2F
2-2: Foul Ball, location: 2F
2-2: Fly out, F8 (Flyball, 78M)
Batting: RHB Marlon Phipps 0-0: Called Strike
0-1: Swinging Strike
0-2: Foul Ball, location: 2F
0-2: Strikes out swinging
Batting: LHB Juan Cortés 0-0: Ball
1-0: SINGLE (Flyball, 8RS)
Pete Harvey to second
Batting: RHB Francisco Sandoval 0-0: Ball
1-0: Ball
2-0: Ball
3-0: Called Strike
3-1: Swinging Strike
3-2: Foul Ball, location: 2F
3-2: Strikes out swinging
Bottom of the 3rd over - 0 run(s), 1 hit(s), 0 error(s), 2 left on base; Seattle 0 - Pocatello 1
TOP OF THE 4TH
Seattle Pikes batting - Pitching for Pocatello Boccabellas : RHP Cris Rincón
Batting: RHB Manuel Rico 0-0: Ball
1-0: Fly out, F8 (Flyball, 8LD)
Batting: LHB Eduardo Gómez 0-0: Ball
1-0: Foul Ball, location: 2F
1-1: SOLO HOME RUN (Flyball, 89XD), Distance : 458 ft
Batting: RHB Tae-kwon Kwon 0-0: Ball
1-0: SINGLE (Groundball, 56)
Batting: LHB Javier Escobedo 0-0: Foul Ball, location: 2F
0-1: Called Strike
0-2: Ball
1-2: Fly out, F8 (Flyball, 8LXD)
Runner from 1st tags up, SAFE at 2nd
Batting: RHB Arthur Dumais 0-0: Called Strike
0-1: Called Strike
0-2: Ball
1-2: Strikes out looking
Top of the 4th over - 1 run(s), 2 hit(s), 0 error(s), 1 left on base; Seattle 1 - Pocatello 1
BOTTOM OF THE 4TH
Pocatello Boccabellas batting - Pitching for Seattle Pikes : RHP Jesús Suárez
Batting: LHB Norberto Muńóz 0-0: Foul Ball, location: 2F
0-1: Ball
1-1: Ball
2-1: SINGLE (Line Drive, 6D)
Batting: RHB Rodrigo Gallegos 0-0: Called Strike
0-1: Foul Ball, location: 2F
0-2: Ball
1-2: Strikes out swinging
Batting: SHB Guillermo Ortíz 0-0: Ball
1-0: Swinging Strike
1-1: Called Strike
1-2: Ball
2-2: Ball
3-2: Grounds into double play, 1-6-3 (Groundball, 13S)
Bottom of the 4th over - 0 run(s), 1 hit(s), 0 error(s), 0 left on base; Seattle 1 - Pocatello 1
TOP OF THE 5TH
Seattle Pikes batting - Pitching for Pocatello Boccabellas : RHP Cris Rincón
Batting: RHB Randy Sheppard 0-0: Called Strike
0-1: Ball
1-1: Ball
2-1: Swinging Strike
2-2: DOUBLE (Line Drive, 8LXD)
Batting: LHB Bruno Lalonde 0-0: Ball
1-0: Ball
2-0: Ball
3-0: Called Strike
3-1: Base on Balls
Batting: SHB Jong-min Kim 0-0: Ball
1-0: Ball
2-0: Called Strike
2-1: Swinging Strike
2-2: Foul Ball, location: 2F
2-2: Ball
3-2: Grounds into double play, 6-4-3 (Groundball, 6)
Randy Sheppard to third
Batting: RHB António Ortega 0-0: Ground out 4-3 (Groundball, 4)
Top of the 5th over - 0 run(s), 1 hit(s), 0 error(s), 1 left on base; Seattle 1 - Pocatello 1
BOTTOM OF THE 5TH
Pocatello Boccabellas batting - Pitching for Seattle Pikes : RHP Jesús Suárez
Batting: RHB Pedro Guzmán 0-0: SINGLE (Flyball, 78S)
Batting: RHB Pete Harvey 0-0: Ball
1-0: Foul Ball, location: 2F
1-1: Ball
2-1: Foul Ball, location: 2F
2-2: SINGLE (Line Drive, 6MD)
Pedro Guzmán to second
Pedro Guzmán to third
Batting: RHB José Delgado 0-0: Ground out 6-3 (Groundball, 6)
Pete Harvey to second
Batting: RHB Marlon Phipps 0-0: Ball
1-0: Called Strike
1-1: Called Strike
1-2: Ball
2-2: Ball
3-2: SINGLE (Groundball, 34D)
Pedro Guzmán scores
Pete Harvey to third
Batting: LHB Juan Cortés 0-0: Called Strike
0-1: Swinging Strike
0-2: Ball
1-2: 3-RUN HOME RUN (Flyball, 89XD), Distance : 456 ft
Batting: RHB Francisco Sandoval 0-0: Ball
1-0: Ball
2-0: Ball
3-0: Called Strike
3-1: Called Strike
3-2: Foul Ball, location: 2F
3-2: Foul Ball, location: 2F
3-2: Foul Ball, location: 2F
3-2: Strikes out looking
Batting: LHB Norberto Muńóz 0-0: Ball
1-0: Foul Ball, location: 2F
1-1: Ball
2-1: Swinging Strike
2-2: Ball
3-2: Base on Balls
Pitching: LHP John Whitaker
Batting: RHB Rodrigo Gallegos 0-0: Ball
Norberto Muńóz is caught stealing 2nd base
Bottom of the 5th over - 4 run(s), 4 hit(s), 0 error(s), 0 left on base; Seattle 1 - Pocatello 5
TOP OF THE 6TH
Seattle Pikes batting - Pitching for Pocatello Boccabellas : RHP Cris Rincón
Batting: RHB Manuel Rico 0-0: Called Strike
0-1: Ball
1-1: Swinging Strike
1-2: Ball
2-2: Ball
3-2: SOLO HOME RUN (Flyball, 7D), Distance : 394 ft
Batting: LHB Eduardo Gómez 0-0: Foul Ball, location: 2F
0-1: Foul Ball, location: 2F
0-2: Strikes out swinging
Batting: RHB Tae-kwon Kwon 0-0: SINGLE (Groundball, 6MD)
Batting: LHB Javier Escobedo 0-0: Ball
1-0: Called Strike
1-1: Foul Ball, location: 2F
1-2: Ball
2-2: SINGLE (Line Drive, 6M)
Tae-kwon Kwon to second
Batting: RHB Arthur Dumais 0-0: Ball
1-0: Ball
2-0: Foul Ball, location: 2F
2-1: Foul Ball, location: 2F
2-2: Strikes out swinging
Batting: RHB Randy Sheppard 0-0: Ball
1-0: Called Strike
1-1: Swinging Strike
1-2: Ball
2-2: Strikes out looking
Top of the 6th over - 1 run(s), 3 hit(s), 0 error(s), 2 left on base; Seattle 2 - Pocatello 5
BOTTOM OF THE 6TH
Pocatello Boccabellas batting - Pitching for Seattle Pikes : LHP John Whitaker
Batting: RHB Rodrigo Gallegos 0-0: Ball
1-0: Ground out 6-3 (Groundball, 6M)
Batting: SHB Guillermo Ortíz 0-0: Ball
1-0: Called Strike
1-1: Ball
2-1: Swinging Strike
2-2: Strikes out looking
Batting: RHB Pedro Guzmán 0-0: Called Strike
0-1: Called Strike
0-2: Ball
1-2: Ball
2-2: Strikes out swinging
Bottom of the 6th over - 0 run(s), 0 hit(s), 0 error(s), 0 left on base; Seattle 2 - Pocatello 5
TOP OF THE 7TH
Seattle Pikes batting - Pitching for Pocatello Boccabellas : RHP Cris Rincón
Pitching: RHP Jesse Moser
Now at 3B: Sugita Ito
Batting: LHB Bruno Lalonde 0-0: SOLO HOME RUN (Flyball, 8RXD), Distance : 462 ft
Batting: SHB Jong-min Kim 0-0: Ball
1-0: Called Strike
1-1: Ground out 3-1 (Groundball, 34)
Batting: RHB António Ortega 0-0: Ball
1-0: Ball
2-0: Ball
3-0: Base on Balls
Batting: RHB Manuel Rico 0-0: Fly out, F9 (Flyball, 9D)
Pinch Runner at 1st Lorenzo Ayala:
Batting: LHB Eduardo Gómez 0-0: Ball
1-0: Swinging Strike
1-1: Foul Ball, location: 2F
1-2: Foul Ball, location: 2F
1-2: Strikes out looking
Top of the 7th over - 1 run(s), 1 hit(s), 0 error(s), 1 left on base; Seattle 3 - Pocatello 5
BOTTOM OF THE 7TH
Pocatello Boccabellas batting - Pitching for Seattle Pikes : LHP John Whitaker
Batting: RHB Pete Harvey 0-0: Ball
1-0: Ball
2-0: Ball
3-0: Called Strike
3-1: Foul Ball, location: 2F
3-2: SOLO HOME RUN (Flyball, 9D), Distance : 399 ft
Batting: RHB José Delgado 0-0: Called Strike
0-1: Ground out 2-3 (Groundball, 2L)
Batting: RHB Marlon Phipps 0-0: Foul Ball, location: 2F
0-1: Swinging Strike
0-2: Ball
1-2: Foul Ball, location: 2F
1-2: Ball
2-2: Ball
3-2: Base on Balls
Batting: LHB Juan Cortés 0-0: Called Strike
0-1: Ball
1-1: Foul Ball, location: 2F
1-2: Ball
2-2: Fly out, F8 (Flyball, 8LD)
Batting: RHB Francisco Sandoval 0-0: Foul Ball, location: 2F
0-1: Ball
1-1: Foul Ball, location: 2F
1-2: Strikes out swinging
Bottom of the 7th over - 1 run(s), 1 hit(s), 0 error(s), 1 left on base; Seattle 3 - Pocatello 6
TOP OF THE 8TH
Seattle Pikes batting - Pitching for Pocatello Boccabellas : RHP Jesse Moser
Batting: RHB Tae-kwon Kwon 0-0: Fly out, F7 (Flyball, 7M)
Batting: LHB Javier Escobedo 0-0: Called Strike
0-1: Foul Ball, location: 2F
0-2: Ball
1-2: SINGLE (Line Drive, 6MD)
Pitching: RHP Bill Lowe
Batting: RHB Arthur Dumais 0-0: Called Strike
0-1: Grounds into double play, 4-6-3 (Groundball, 4)
Top of the 8th over - 0 run(s), 1 hit(s), 0 error(s), 0 left on base; Seattle 3 - Pocatello 6
BOTTOM OF THE 8TH
Pocatello Boccabellas batting - Pitching for Seattle Pikes : LHP John Whitaker
Batting: LHB Norberto Muńóz 0-0: Ball
1-0: Called Strike
1-1: Foul Ball, location: 2F
1-2: Strikes out swinging
Pitching: LHP Cristián Escobar
Batting: RHB Rodrigo Gallegos 0-0: SINGLE (Groundball, 56D) (infield hit)
Batting: SHB Guillermo Ortíz 0-0: Ball
1-0: Called Strike
1-1: Ball
2-1: Ball
3-1: Swinging Strike
3-2: Strikes out looking
Batting: RHB Sugita Ito 0-0: Called Strike
0-1: Fielders Choice at 2nd, U6 (Groundball, 6M)
Bottom of the 8th over - 0 run(s), 1 hit(s), 0 error(s), 1 left on base; Seattle 3 - Pocatello 6
TOP OF THE 9TH
Seattle Pikes batting - Pitching for Pocatello Boccabellas : RHP Bill Lowe
Pitching: RHP Adrián Martínez
Batting: RHB Randy Sheppard 0-0: Ball
1-0: Foul Ball, location: 2F
1-1: Bunt for hit - play at first, batter OUT! 1-3
Batting: LHB Bruno Lalonde 0-0: Ball
1-0: Fly out, F6 (Popup, 6MD)
Batting: SHB Jong-min Kim 0-0: Called Strike
0-1: Ball
1-1: Ball
2-1: Called Strike
2-2: Fly out, F8 (Flyball, 8LD)
Top of the 9th over - 0 run(s), 0 hit(s), 0 error(s), 0 left on base; Seattle 3 - Pocatello 6
This league is powered by Out of the Park Baseball, the baseball management simulation game for PC, Mac and Linux
Saturday, April 9th, 2016 - OOTP Baseball 16.8 Build 38